cohdb
Replays
Latest Replays
All Replays
Popular Replays
Top Player Replays
Match Explorer
How It Works
Community
CoH3 Stats
Reddit
Sign in to upload your games and track your stats! →
Sign in with Steam
Match 45981796
Unlisted
Match 45981796
Overview
Messages
Build Orders
End
Vickers Machine Gun Team
Selects Canadian Shock Battlegroup
Construct Section Command Post
Dingo Light Scout Car
Infantry Section
Infantry Section
Construct Platoon Command Post
Selects Attacking Spirit
Selects Canadian Shock Section
Canadian Shock Section
Construct Company Command Post
Selects Incendiary Munitions
Selects Pyrotechnics
CMP 15cwt Truck
Matilda II Heavy Tank
Matilda II Heavy Tank
Unlock Towed 17-pounder Anti-tank Guns
Infantry Training
Grenade Package
17-pounder Anti-tank Gun Team
Selects Smoke Operation
Smoke Operation
le12ro-Olivier
[Desi]Padda69
ryan.cullen_20
Balzeal
Dark Lord Cthulhu
Kevege
TransNigg@
MrZiehr
0
0
Comments
sign in to comment!
No comments posted yet!